 Dungeon Crawl Stone Soup version 0.30-a0-964-gd452b5e7fa (webtiles) character file.

Game seed: 15790514609320688279

58 vishdafish the Conjurer (level 3, -3/36 HPs)
             Began as a Demonspawn Conjurer on Mar 30, 2023.
             Slain by an iguana (10 damage)
             ... on level 4 of the Dungeon.
             The game lasted 00:01:37 (1969 turns).

vishdafish the Conjurer (Demonspawn Conjurer)       Turns: 1969, Time: 00:01:37

Health: -3/36      AC: 21    Str:  7    XL:     3   Next: 75%
Magic:  2/7        EV:  2    Int: 21    God:
Gold:   116        SH:  0    Dex: 11    Spells: 7/8 levels left

rFire   . . .      SeeInvis .    c - +0 dagger
rCold   . . .      Faith    .    (no shield)
rNeg    . . .      Spirit   .    a - melded +0 robe
rPois   +          Reflect  .    (helmet currently unavailable)
rElec   .          Rampage  .    (cloak currently unavailable)
rCorr   +          NoTele   +    (gloves currently unavailable)
Will    .....                    (boots currently unavailable)
Stlth   ++                       (no amulet)
HPRegen 0.26/turn                o - ring of poison resistance
MPRegen 0.10/turn                r - ring of resist corrosion

@: tree-form
A: stationary, stasis, torment immunity, boosted hp, (weakness stinger 2)
a: no special abilities


You were on level 4 of the Dungeon.
You were a tree.
You visited 1 branch of the dungeon, and saw 4 of its levels.

You collected 116 gold pieces.

Inventory:

Hand Weapons
 c - a +0 dagger (weapon)
Armour
 a - a +0 robe (melded)
Jewellery
 o - a ring of poison resistance (left branch)
 r - a ring of resist corrosion (right branch)
Wands
 t - a wand of flame (27)
Scrolls
 e - 2 scrolls of silence {unknown}
 f - a scroll of enchant armour {unknown}
 i - 2 scrolls of identify {unknown}
 j - a scroll of brand weapon {unknown}
 n - a scroll of torment {unknown}
 p - a scroll of fog {unknown}
 q - a scroll of vulnerability {unknown}
 s - 2 scrolls of teleportation {unknown}
Potions
 b - a potion of heal wounds
 g - 2 potions of haste {unknown}
 h - a potion of resistance {unknown}
 k - a potion of berserk rage {unknown}
 l - a potion of invisibility {unknown}
 m - a potion of curing {unknown}
 u - 2 potions of might {unknown}
 v - a potion of brilliance {unknown}


   Skills:
 - Level 1.7 Dodging
 - Level 1.7 Stealth
 + Level 3.1 Spellcasting
 + Level 4.7 Conjurations


You had 7 spell levels left.
You knew the following spells:

 Your Spells              Type           Power      Damage    Failure   Level
a - Magic Dart            Conj           92%        1d7       1%          1

Your spell library contained the following spells:

 Spells                   Type           Power      Damage    Failure   Level
 Searing Ray              Conj           46%        2d6       2%          2
 Sting                    Tmut/Pois      12%        1d3       13%         1
 Dazzling Flash           Conj/Hex       26%        N/A       14%         3
 Poisonous Vapours        Pois/Air       6%         N/A       21%         2
 Fulminant Prism          Conj/Hex       6%         3d7       43%         4
 Iskenderun's Mystic Bla  Conj/Tloc      13%        2d5       43%         4
 Olgreb's Toxic Radiance  Pois           3%         N/A       78%         4


Dungeon Overview and Level Annotations

Branches:
Dungeon (4/15)
 Temple: D:4-7

Altars:

Annotations:
D:3 Sigmund


Innate Abilities, Weirdness & Mutations

You are a tree.
Your roots penetrate the ground, keeping you stationary.
You cannot be teleported.
You are immune to unholy pain and torment.
Your maximum health is greatly increased.
Your equipment is partially melded.
((You have a tail ending in a sharp stinger.))


Message History

The kobold hits you but does no damage.
The iguana bites you but does no damage.
You closely miss the iguana.
The iguana is moderately wounded.
The kobold hits you but does no damage. The iguana barely misses you.
You completely miss the iguana.
The iguana is moderately wounded.
The kobold hits you but does no damage.
The iguana bites you but does no damage.
You hit the iguana but do no damage.
The iguana is moderately wounded.
The iguana bites you! The kobold hits you but does no damage.
You hit the iguana but do no damage.
The iguana is moderately wounded.
The kobold barely misses you.
The iguana bites you but does no damage.
You hit the iguana but do no damage.
The iguana is moderately wounded.
The kobold hits you but does no damage.
The iguana bites you but does no damage.
You hit the iguana but do no damage.
The iguana is moderately wounded.
The kobold barely misses you. The iguana completely misses you.
You hit the iguana but do no damage.
The iguana is moderately wounded.
The kobold hits you but does no damage. The iguana bites you.
You hit the iguana but do no damage.
The iguana is moderately wounded.
The iguana bites you! The kobold hits you but does no damage.
You hit the kobold.
The kobold is moderately wounded.
The kobold hits you but does no damage. The iguana bites you.
You closely miss the kobold.
The kobold is moderately wounded.
The kobold hits you but does no damage. The iguana bites you.
* * * LOW HITPOINT WARNING * * *
You barely miss the kobold.
The kobold is moderately wounded.
The kobold hits you but does no damage. The iguana bites you!
You die...

. .. ##
... .##
... ..###
#.. #...##
#[..#....#
#l♣#
#.)...[K#
#...##..(.
##.
##..#.. #
... (#
.... #
.....
......


You could see an iguana and a kobold.

Vanquished Creatures
  2 adders
  A dart slug (D:1)
  An orc (D:3)
  3 endoplasms
  2 giant cockroaches
  3 goblins
  2 hobgoblins (D:2)
  4 jackals (D:1)
  2 kobolds (D:1)
  6 ball pythons
  5 bats
  3 frilled lizards
  A rat (D:3)
35 creatures vanquished.

Notes
Turn   | Place    | Note
-------+----------+-------------------------------------------
     0 | D:1      | vishdafish the Demonspawn Conjurer began the quest for the
                  | Orb.
     0 | D:1      | Reached XP level 1. HP: 13/13 MP: 3/3
   140 | D:1      | Gained mutation: You have a small tail. [demonic ancestry]
   140 | D:1      | Reached XP level 2. HP: 19/19 MP: 0/5
  1460 | D:2      | Gained mutation: You have a tail ending in a sharp stinger.
                  | [demonic ancestry]
  1460 | D:2      | Reached XP level 3. HP: 24/24 MP: 2/7
  1936 | D:3      | Noticed Sigmund
  1969 | D:4      | Slain by an iguana

Illustrated notes

Levels and vault maps discovered:
D:1:      evilmike_arrival_rings, layout_basic
D:2:      layout_rooms, kennysheep_generic_room_14
D:3:      layout_loops_ring, uniq_sigmund
D:4:      layout_layer_cave, serial_shops, nicolae_stop_n_shop_1,
          roderic_batcave, uniq_menkaure

Skill      XL: |  1  2  3 |
---------------+----------+-----
Spellcasting   | 3 |  3.1
Dodging        | |  1.7
Stealth        | |  1.7
Conjurations   | |  4.7

Action                     || total
---------------------------++-------
  Melee: Dagger            ||    22
   Cast: Magic Dart        ||    73
    Use: Potion            ||     3
 Armour: Robe              ||     1
         Skin              ||    16
  Dodge: Dodged            ||    28

Table legend: (Time is in decaauts)
 A = Elapsed time spent in this place.
 B = Non-inter-level travel time spent in this place.
 C = Inter-level travel time spent in this place.
 D = Time resting spent in this place.
 E = Time spent auto-exploring this place.
 F = Levels seen in this place.
 G = Mean time per level.
                   A        B        C        D        E       F      G
               +--------+--------+--------+--------+--------+-----+--------+
         Total |   1966 |   1895 |     71 |      0 |   1695 |   4 |  491.5 |
       Dungeon |   1966 |   1895 |     71 |      0 |   1695 |   4 |  491.5 |
               +--------+--------+--------+--------+--------+-----+--------+

Top non-repeatable levels by time:
     D:1: 1129 daAuts
     D:2: 575 daAuts
     D:3: 242 daAuts
     D:4: 18 daAuts
